 Dungeon Crawl Stone Soup version 0.31-a0-1338-gb567cfdca4 (webtiles) character file.

Game seed: 1282150326630432761

527585 grandjackal the Slayer (level 26, -6/310 HPs)
             Began as an Oni Gladiator on Dec 21, 2023.
             Was the Champion of Okawaru.
             Mangled by a searing wretch (18 damage)
             ... led by Margery
             ... on level 3 of the Depths.
             The game lasted 01:33:04 (58990 turns).

grandjackal the Slayer (Oni Gladiator)             Turns: 58990, Time: 01:33:05

Health: -6/310     AC: 14    Str: 33      XL:     26   Next: 10%
Magic:  0/40       EV: 13    Int:  9      God:    Okawaru [******]
Gold:   2044       SH:  0    Dex:  9 (10) Spells: 25/25 levels left

rFire   . . .        k - +9 giant spiked club (spect)
rCold   + . .        (shield currently unavailable)
rNeg    + . .        V - +5 moon troll leather armour {Spirit, Regen++ MP+5}
rPois   .            O - +2 hat {SInv}
rElec   +            a - +2 cloak {rCorr}
rCorr   +            (gloves unavailable)
SInv    +            (boots unavailable)
Will    ++...        L - amulet of regeneration
Stlth   +            l - ring of positive energy
HPRegen 3.11/turn    Y - ring "Zousm" {rElec rC+}
MPRegen 0.27/turn

%: guardian spirit
@: no status effects
A: drunken brawling, large, unfitting armour, horns 1, tough skin 1, double
potion healing, deterioration 1
}: 2/15 runes: decaying, serpentine
a: Renounce Religion, Heroism, Finesse, Duel


You were on level 3 of the Depths.
You worshipped Okawaru.
Okawaru was exalted by your worship.
You visited 10 branches of the dungeon, and saw 44 of its levels.
You also visited: Sewer, Bailey, Gauntlet, Volcano and Wizlab.

You collected 5958 gold pieces.
You spent 3914 gold pieces at shops.

Inventory:

Hand Weapons
 k - a +9 spectral giant spiked club (weapon)
Missiles
 d - 4 throwing nets
 e - 77 large rocks (quivered)
 z - 21 boomerangs
 H - 15 curare-tipped darts
 R - 21 javelins
 S - 17 silver javelins
Armour
 a - a +2 cloak of preservation (worn)
 O - a +2 hat of see invisible (worn)
 V - the +5 moon troll leather armour (worn) {Spirit, Regen++ MP+5}
   (You bought it in a shop on level 5 of the Dungeon)

   MP+5:      It affects your magic capacity (+5).
   Regen++:   It increases your rate of health regeneration.
Jewellery
 c - a +6 ring of dexterity
 l - a ring of positive energy (left hand)
 n - the ring of the Lost Chewing Towns {Fly rC+ Dex+3}
   (You took it off a tengu conjurer on level 15 of the Dungeon)

   [ring of flight]

   Dex+3:     It affects your dexterity (+3).
   rC+:       It protects you from cold.
   Fly:       It grants you flight.
 A - a ring of willpower
 C - the ring of Myukh {Fire rPois MP+9 Str+6 Slay+3}
   (You found it on level 1 of the Swamp)

   [ring of fire]

   Fire:      It enhances your fire magic.
   Str+6:     It affects your strength (+6).
   Slay+3:    It affects your accuracy & damage with ranged weapons and melee
   (+3).
   rF+:       It protects you from fire.
   rC-:       It makes you vulnerable to cold.
   rPois:     It protects you from poison MP+9: It affects your magic capacity
   (+9).
 L - an amulet of regeneration (around neck)
 M - the ring "Cotsio" {rF+ Dex+2}
   (You found it on level 15 of the Dungeon)

   [ring of protection from fire]

   Dex+2:     It affects your dexterity (+2).
   rF+:       It protects you from fire.
 N - a ring of protection from cold
 P - a ring of protection from fire
 Y - the ring "Zousm" (right hand) {rElec rC+}
   (You found it in a Gauntlet)

   [ring of protection from cold]

   rC+:       It protects you from cold.
   rElec:     It insulates you from electricity.
Wands
 o - a wand of digging (4)
 B - a wand of flame (116)
 Q - a wand of roots (46)
 T - a wand of light (41)
Scrolls
 b - 17 scrolls of teleportation
 f - 6 scrolls of immolation
 g - 32 scrolls of identify
 i - 6 scrolls of blinking
 u - 5 scrolls of revelation
 v - 7 scrolls of poison
 w - 4 scrolls of vulnerability
 E - a scroll of silence
 F - 7 scrolls of fog
 I - a scroll of brand weapon
 U - 6 scrolls of fear
Potions
 h - 6 potions of lignification
 j - 21 potions of brilliance
 m - 5 potions of invisibility
 p - 13 potions of enlightenment
 q - 2 potions of cancellation
 r - 2 potions of berserk rage
 s - 13 potions of curing
 t - 11 potions of mutation
 x - 14 potions of heal wounds
 y - 5 potions of ambrosia
 D - 10 potions of haste
 G - 3 potions of resistance
 J - 7 potions of magic
 K - 12 potions of might
 X - a potion of attraction


   Skills:
 - Level 26.3 Fighting
 + Level 24.5 Maces & Flails
 + Level 24.4 Throwing
 - Level 13.4 Dodging
 - Level 17.5 Invocations


You had 25 spell levels left.
You didn't know any spells.
Your spell library contained the following spells:

 Spells                   Type           Power      Damage    Failure   Level
 Apportation              Tloc           0%         N/A       41%         1
 Kiss of Death            Conj/Necr      0%         2d5       41%         1
 Magic Dart               Conj           0%         1d3       41%         1
 Necrotise                Necr           0%         1d4       41%         1
 Shock                    Conj/Air       0%         1d3       41%         1
 Sting                    Conj/Alch      0%         1d3       41%         1
 Blink                    Tloc           0%         N/A       56%         2
 Cigotuvi's Dreadful Rot  Necr/Alch/Air  0%         N/A       56%         2
 Ensorcelled Hibernation  Hex/Ice        0%         N/A       56%         2
 Jinxbite                 Hex            0%         N/A       56%         2
 Lesser Beckoning         Tloc           0%         N/A       56%         2
 Mercury Vapours          Alch/Air       0%         N/A       56%         2
 Momentum Strike          Conj/Tloc      0%         3d8       56%         2
 Passwall                 Alch/Erth      0%         N/A       56%         2
 Static Discharge         Conj/Air       0%         3-3/arc   56%         2
 Sublimation of Blood     Necr           0%         N/A       56%         2
 Dazzling Flash           Conj/Hex       0%         N/A       80%         3
 Frozen Ramparts          Ice            0%         1d1       80%         3
 Hailstorm                Conj/Ice       0%         3d5       80%         3
 Inner Flame              Hex/Fire       0%         N/A       80%         3
 Mephitic Cloud           Conj/Alch/Air  0%         N/A       80%         3
 Ozocubu's Armour         Ice            0%         N/A       80%         3
 Stone Arrow              Conj/Erth      0%         3d7       80%         3
 Swiftness                Air            0%         N/A       80%         3
 Volatile Blastmotes      Fire/Tloc      0%         2d10      80%         3
 Airstrike                Air            0%         2d(0-16)  99%         4
 Anguish                  Hex/Necr       0%         N/A       99%         4
 Cause Fear               Hex            0%         N/A       99%         4
 Dimensional Bullseye     Hex/Tloc       0%         N/A       99%         4
 Dispel Undead            Necr           0%         3d6       99%         4
 Flame Wave               Conj/Fire      0%         2d4       99%         4
 Fulminant Prism          Conj/Alch      0%         3d5       99%         4
 Ignite Poison            Fire/Alch      0%         N/A       99%         4
 Iskenderun's Mystic Bla  Conj/Tloc      0%         2d3       99%         4
 Leda's Liquefaction      Alch/Erth      0%         N/A       99%         4
 Passage of Golubria      Tloc           0%         N/A       99%         4
 Petrify                  Alch/Erth      0%         N/A       99%         4
 Sticky Flame             Fire/Alch      0%         2d4       99%         4
 Agony                    Necr           0%         N/A       100%        5
 Alistair's Intoxication  Alch           0%         N/A       100%        5
 Borgnjor's Vile Clutch   Necr/Erth      0%         N/A       100%        5
 Freezing Cloud           Conj/Ice/Air   0%         6-21      100%        5
 Irradiate                Conj/Alch      0%         3d11      100%        5
 Iskenderun's Battlesphe  Conj           0%         2d6       100%        5
 Lee's Rapid Deconstruct  Erth           0%         3d4*      100%        5
 Metabolic Englaciation   Hex/Ice        0%         N/A       100%        5
 Silence                  Hex/Air        0%         N/A       100%        5
 Yara's Violent Unravell  Hex/Alch       0%         3d3       100%        5
 Bombard                  Conj/Erth      0%         9d1       100%        6
 Eringya's Noxious Bog    Alch           0%         4d6       100%        6
 Starburst                Conj/Fire      0%         6d3       100%        6
 Discord                  Hex            0%         N/A       100%        8
 Ignition                 Fire           0%         3d3       100%        8
 Lehudib's Crystal Spear  Conj/Erth      0%         10d2      100%        8
 Maxwell's Capacitive Co  Air            0%         ∞         100%        8
 Summon Small Mammal      Summ           Unusable   N/A       N/A         1
 Call Imp                 Summ           Unusable   N/A       N/A         2
 Call Canine Familiar     Summ           Unusable   N/A       N/A         3
 Summon Guardian Golem    Hex/Summ       Unusable   N/A       N/A         3
 Tukima's Dance           Hex            Unusable   N/A       N/A         3
 Animate Armour           Summ/Erth      Unusable   N/A       N/A         4
 Summon Ice Beast         Ice/Summ       Unusable   N/A       N/A         4
 Summon Lightning Spire   Summ/Air       Unusable   N/A       N/A         4
 Death Channel            Necr           Unusable   N/A       N/A         6
 Simulacrum               Ice/Necr       Unusable   N/A       N/A         6
 Spellforged Servitor     Conj/Summ      Unusable   N/A       N/A         7

Dungeon Overview and Level Annotations

Branches:
Dungeon (15/15)            Temple (1/1) D:4            Lair (5/5) D:11
  Swamp (4/4) Lair:3        Snake (4/4) Lair:3        Slime (0/5) Lair:5
    Orc (2/2) D:10            Elf (3/3) Orc:2        Vaults (4/5) D:13
  Crypt (3/3) Vaults:2       Tomb (0/3) Crypt:3      Depths (3/4) D:15
  Sewer (visited)          Bailey (visited)         Volcano (visited)
 WizLab (visited)         Gauntlet (visited)

Altars:
Ashenzari
Cheibriados
Dithmenos
Elyvilon
Fedhas
Gozag
Hepliaklqana
Kikubaaqudgha
Makhleb
Nemelex Xobeh
Okawaru
Qazlal
Ru
Sif Muna
Trog
Uskayaw
Vehumet
Wu Jian
Xom
Yredelemnul
Zin
The Shining One
Jiyva

Shops:
D:2 ?   D:5 [   D:9 *   Orc:2 ?::   Elf:2 !   Elf:3 !=[([!   Snake:4 *
Vaults:1 ?   Vaults:3 [   Vaults:4 [   Depths:2 ?

Portals:
Hell: Depths:1 Depths:2
Pandemonium: Depths:2
Ziggurat: Depths:2

Annotations:
D:4 2 transporters, JohnnyKeats's ghost, amateur TrHW
D:5 3 runed translucent doors, bmb222's ghost, weakling DsDe; wally255's ghost, novice GrHu
D:15 2 transporters
Lair:1 exclusion: oklob plant
Lair:4 1 runed translucent door
Swamp:2 1 runed translucent door, Sobieck's ghost, adept DECj
Snake:4 3 runed translucent doors, exclusion: obsidian statue, Pokonic1's ghost, adept GrMo
Crypt:2 2 transporters, exclusion: obsidian statue, jestert79's ghost, veteran MfGl
Crypt:3 3 runed translucent doors, Micliseo's ghost, adept GrFi; Raxkuugy's ghost, master TeHu


Innate Abilities, Weirdness & Mutations

Whenever you drink a potion that restores your health or magic, you attack all enemies around you.
You are too large for most types of armour.
You have a pair of small horns on your head.
You have tough skin. (AC +1)
Whenever you drink a potion that restores your health or magic, it restores twice as much.
Your body sometimes deteriorates upon taking damage.


Message History

Unknown command.
You are too injured to fight recklessly!
You sock the searing wretch!
You headbutt the searing wretch, but do no damage.
The searing wretch is moderately damaged.
The searing wretch closely misses you. The searing wretch bites you!!
You closely miss the searing wretch. You headbutt the searing wretch!
The searing wretch is heavily damaged.
You closely miss the searing wretch. You headbutt the searing wretch.
The searing wretch is heavily damaged.
The searing wretch closely misses you. The searing wretch barely misses you.
You beat the searing wretch like a drum!!!!
You headbutt the searing wretch.
The searing wretch is almost destroyed.
The searing wretch completely misses you.
The searing wretch bites you but does no damage.
You stick the searing wretch like a pincushion!!!
The lost soul sacrifices itself to reknit the searing wretch!
You pound the searing wretch like an anvil!!!!
You headbutt the searing wretch!
The searing wretch is severely damaged.
A necromancer comes into view.
It is wielding a +0 dagger of electrocution.
The searing wretch claws you!!
You are engulfed in flames!!
* * * LOW HITPOINT WARNING * * *
The searing wretch bites you but does no damage.
The necromancer gestures wildly while chanting.
The necromancer binds the souls of nearby monsters.
The searing wretch attacks as it pursues you!
The searing wretch claws you!!
* * * LOW HITPOINT WARNING * * *
You are engulfed in flames!!
* * * LOW HITPOINT WARNING * * *
The searing wretch bites you but does no damage.
A hell knight comes into view. It is wielding a +4 glaive.
The deep elf death mage beckons forth restless souls!
There is a stone staircase leading up, spattered with blood here.
The searing wretch claws you!!
* * * LOW HITPOINT WARNING * * *
You are engulfed in flames!!
You die...

##############
.......@n)ppe#
############p# #.# #@#
### ##########.# #..
...........#########..
.........Tp...........
.........)########....
...........#########..


You could see a searing wretch, a deep elf death mage (soul bound), a hell
knight (soul bound) and 2 necromancers.

Vanquished Creatures
  A dread lich (Crypt:3)
  Khufu (Crypt:2)
  2 ancient liches (Crypt:3)
  3 royal mummies
  the Lernaean hydra (Swamp:4)
  Bai Suzhen (Crypt:1)
  Margery (Depths:3)
  A golden dragon (Depths:3)
  Rupert (Lair:3)
  A quicksilver dragon (WizLab)
  2 liches
  A moon troll (WizLab)
  2 deep elf master archers (Elf:3)
  2 deep elf blademasters (Elf:3)
  2 walking frostbound tomes (Depths:1)
  2 sphinxes
  7 ancient champions (Crypt:3)
  Frances (Elf:1)
  8 tentacled starspawn (WizLab)
  A thorn hunter (Swamp:1)
  Aizul (Vaults:1)
  A tengu reaver (Vaults:3)
  14 nagarajas
  A revenant (Crypt:2)
  3 fire giants
  Donald (Snake:4)
  3 spectral juggernauts (Depths:2)
  4 frost giants
  6 vault wardens
  Louise (Snake:1)
  A juggernaut zombie (Crypt:1)
  4 deep elf sorcerers (Elf:3)
  A caustic shrike zombie (Depths:3)
  2 orc warlords
  2 deep elf elementalists
  A balrug (Depths:1)
  6 ghouls
  5 curse skulls
  2 cacodemons (WizLab)
  8 ironbound preservers
  5 formless jellyfish
  4 vampire knights
  27 very ugly things
  2 war gargoyles
  9 deep elf death magi
  7 ironbound thunderhulks
  11 stone giants
  Nessos (Orc:2)
  3 eleionomae
  11 deep elf annihilators
  5 deep elf demonologists
  A minotaur (Gauntlet)
  3 bunyips
  11 spark wasps
  25 dire elephants
  5 eidola
  A green death (Depths:2)
  Snorg (D:11)
  A spectral quicksilver dragon (Depths:2)
  4 mummy priests
  Josephine (Lair:3)
  6 ettins
  4 jiangshi
  A deep elf high priest (Elf:3)
  2 spectral golden dragons (Depths:2)
  14 great orbs of eyes
  A shambling mangrove (Swamp:3)
  4 yaktaur captains
  A fenstrider witch zombie (Crypt:1)
  An entropy weaver (Vaults:3)
  15 vault guards
  3 spectral spriggans (Depths:2)
  6 fire dragons
  3 ice dragons
  2 spectral tengu (Depths:2)
  3 catoblepae (Lair:5)
  Erolcha (D:10)
  3 salamander tyrants
  13 alligators
  A bennu zombie (Crypt:3)
  2 peacekeepers
  3 ironbound frosthearts
  2 spectral fire giants (Depths:2)
  A caustic shrike simulacrum (Depths:3)
  A spriggan air mage (D:15)
  18 anacondas
  3 two-headed ogres
  15 hydras
  15 centaur warriors
  3 deep troll shamans
  6 vampire magi
  An azure jelly zombie (Crypt:3)
  13 boulder beetles
  4 deep troll earth magi
  12 naga warriors
  A spectral stone giant (Depths:2)
  37 dancing weapons
  9 death yaks
  Urug (D:10)
  5 spriggan berserkers
  An occultist (Depths:1)
  4 shock serpents
  13 naga sharpshooters
  4 orc high priests (Orc:2)
  5 tengu warriors
  10 hell knights
  16 spriggans
  3 sun demons
  22 deep elf knights
  2 iron trolls (Depths:3)
  2 soul eaters
  28 skeletal warriors
  A skyshark (Lair:3)
  A sixfirhy (Depths:2)
  3 salamander mystics
  2 shadow wraiths (Crypt:2)
  A spectral spark wasp (Depths:2)
  2 wretched stars (WizLab)
  2 goliath frogs
  2 spark wasp zombies
  32 deep trolls
  5 spriggan druids
  A death drake (Swamp:4)
  An orange crystal statue (WizLab)
  4 flayed ghosts
  An obsidian statue (Depths:2)
  5 sea snakes
  8 arcanists
  7 bog bodies
  7 glowing orange brains
  13 naga ritualists
  6 harpies (Vaults:2)
  12 deep elf archers
  13 swamp dragons
  An iron giant skeleton (Crypt:2)
  11 ironbound convokers
  12 lindwurms
  5 phantasmal warriors
  5 necromancers
  9 mana vipers
  An alligator zombie (Crypt:3)
  28 deep elf pyromancers
  32 deep elf zephyrmancers
  A broodmother zombie (Crypt:2)
  A spectral ettin (Depths:2)
  3 orc knights (Orc:2)
  30 ugly things
  A goliath frog zombie (Crypt:2)
  4 orc sorcerers
  4 starcursed masses (WizLab)
  A stone giant zombie (Vaults:1)
  4 will-o-the-wisps
  2 human zombies
  5 salamanders
  24 vault sentinels
  7 manticores
  Maurice (D:11)
  10 elephants
  8 guardian serpents
  6 cyclopes
  Joseph (D:10)
  An elf zombie (Vaults:3)
  38 black mambas
  4 kobold blastminers
  A smoke demon (Depths:1)
  29 naga magi
  4 cane toads
  A torpor snail (Lair:3)
  5 eyes of devastation (WizLab)
  3 minotaur zombies (Gauntlet)
  A catoblepas zombie (Crypt:1)
  A centaur zombie (Crypt:3)
  An orc skeleton (Crypt:1)
  2 unseen horrors
  4 rime drakes
  An alligator snapping turtle skeleton (Crypt:3)
  8 komodo dragons
  4 kobold demonologists (D:15)
  8 tengu conjurers
  2 efreet (D:15)
  4 freezing wraiths
  A yellow draconian skeleton (Crypt:3)
  A white draconian skeleton (Crypt:1)
  An iron giant simulacrum (Crypt:3)
  19 yaktaurs
  A harpy zombie (Crypt:1)
  14 guardian mummies
  3 polar bears
  A catoblepas skeleton (Crypt:2)
  2 bloated husks (Swamp:4)
  A troll (shapeshifter) (D:15)
  A meliai (D:15)
  4 trolls
  A harpy skeleton (Crypt:3)
  7 tyrant leeches
  14 hornets
  13 blink frogs
  2 human simulacra
  5 dream sheep (Lair:3)
  A glass eye (Depths:3)
  18 slime creatures
  6 flying skulls
  2 shadows
  2 water elementals
  Sigmund (D:2)
  13 wraiths
  3 air elementals
  2 fire bats (Lair:4)
  35 yaks
  2 ynoxinuls (Depths:2)
  2 fire elementals
  7 basilisks
  5 wyverns
  An elf skeleton (Vaults:1)
  7 vampire mosquitoes
  4 golden eyes (WizLab)
  9 wargs
  Grum (D:10)
  7 steam dragons
  A wind drake skeleton (Crypt:1)
  A basilisk (shapeshifter) (D:14)
  3 neqoxecs (WizLab)
  16 swamp worms
  4 acid dragons
  16 water moccasins
  13 hell hounds
  48 nagas
  2 two-headed ogre skeletons
  9 swamp drakes (Swamp:4)
  52 orc warriors
  2 ice beasts (D:7)
  A sky beast (D:8)
  13 ogres
  A swamp dragon skeleton (Crypt:2)
  14 wolves
  6 centaurs
  A blink frog skeleton (Crypt:2)
  A phantom (D:7)
  8 kobold brigands
  9 bullfrogs
  4 gnoll sergeants
  2 earth elementals
  4 scorpions
  A shapeshifter zombie (Crypt:2)
  5 killer bees (D:9)
  2 electric eels (Lair:4)
  2 howler monkeys
  2 lava snakes
  2 jellies (D:5)
  2 hounds
  38 orc priests
  2 gnoll boudas
  5 iguanas
  23 orc wizards
  2 sleepcaps
  A tengu skeleton (Crypt:2)
  A mummy (Crypt:2)
  10 adders
  31 gnolls
  6 river rats (Sewer)
  A white imp (D:6)
  A bombardier beetle (D:4)
  2 worms
  5 dart slugs
  113 orcs
  8 ball pythons
  A bat zombie (Crypt:1)
  9 endoplasms
  6 giant cockroaches
  9 goblins
  8 hobgoblins
  2 jackals (D:4)
  4 quokkas
  A ball python skeleton (Crypt:1)
  6 bats
  A dart slug zombie (Crypt:1)
  2 frilled lizards
  38 kobolds
  23 rats
  A rat skeleton (Crypt:1)
  A spectral weapon (Swamp:4)
  6 starspawn tentacles (WizLab)
1893 creatures vanquished.

Vanquished Creatures (others)
  2 deep elf knights (Elf:3)
  An ugly thing (Depths:3)
  2 bloated husks
  A centaur simulacrum (D:15)
  A gnoll (D:10)
  6 foxfires (Swamp:3)
  26 spectral weapons
  4 starspawn tentacles (WizLab)
43 creatures vanquished.

Grand Total: 1936 creatures vanquished

Notes
Turn   | Place    | Note
-------+----------+-------------------------------------------
     0 | D:1      | grandjackal the Oni Gladiator began the quest for the Orb.
     0 | D:1      | Reached XP level 1. HP: 22/22 MP: 1/1
    69 | D:1      | Reached skill level 3 in Fighting
    69 | D:1      | Reached XP level 2. HP: 29/31 MP: 2/2
   429 | D:1      | Reached XP level 3. HP: 36/37 MP: 3/3
  1057 | D:2      | Reached XP level 4. HP: 45/48 MP: 4/4
  1115 | D:2      | Found The Oracle's Delphic Readings.
  1119 | D:2      | Bought a scroll of identify for 26 gold pieces
  1231 | D:2      | Noticed Sigmund
  1247 | D:2      | Killed Sigmund
  1248 | D:2      | Reached skill level 4 in Fighting
  1248 | D:2      | Reached XP level 5. HP: 7/55 MP: 1/5
  1453 | D:2      | Reached skill level 5 in Fighting
  1460 | D:2      | Reached XP level 6. HP: 66/66 MP: 6/6
  2198 | D:3      | Identified the +6 whip of Ambiguity {venom, *Noise rC+++
                  | Str+4}
  2344 | D:3      | Found a shimmering altar of Xom.
  2484 | D:3      | Found a faded altar of an unknown god.
  2743 | D:4      | Found a transporter.
  2743 | D:4      | Noticed JohnnyKeats's ghost (amateur TrHW)
  2777 | D:4      | Found a transporter.
  2807 | D:4      | Found a staircase to the Ecumenical Temple.
  2879 | Temple   | Entered the Ecumenical Temple
  2889 | Temple   | Became a worshipper of Warmaster Okawaru
  3406 | D:5      | Entered Level 5 of the Dungeon
  3412 | D:5      | Reached skill level 1 in Invocations
  3499 | D:5      | Reached XP level 7. HP: 61/74 MP: 5/8
  3600 | D:5      | Reached * piety under Okawaru
  3601 | D:5      | Reached skill level 6 in Fighting
  3601 | D:5      | Reached skill level 5 in Maces & Flails
  3755 | D:5      | Found an opulent altar of Gozag.
  4022 | D:5      | Found Jajo's Antique Armour Shop.
  4129 | D:5      | Reached XP level 8. HP: 82/84 MP: 10/10
  4153 | D:5      | Found a runed translucent gate.
  4153 | D:5      | Found a runed translucent gate.
  4154 | D:5      | Found a runed translucent gate.
  4156 | D:5      | Noticed wally255's ghost (novice GrHu)
  4156 | D:5      | Noticed bmb222's ghost (weakling DsDe)
  4377 | D:6      | Reached skill level 5 in Throwing
  4411 | D:6      | Reached skill level 7 in Fighting
  4610 | D:6      | Reached ** piety under Okawaru
  4689 | D:6      | Found a glowing drain.
  4697 | Sewer    | Entered a sewer
  5537 | D:6      | Found an ornate altar of the Wu Jian Council.
  5698 | D:7      | Found a stormy altar of Qazlal.
  5844 | D:7      | Found a basalt altar of Yredelemnul.
  5853 | D:7      | Reached skill level 5 in Invocations
  5872 | D:7      | Found a flagged portal.
  5886 | Bailey   | Entered a bailey
  5920 | Bailey   | Reached skill level 8 in Fighting
  6315 | Bailey   | Reached XP level 9. HP: 91/95 MP: 12/12
  6991 | D:7      | Reached *** piety under Okawaru
  7094 | D:7      | Reached skill level 9 in Fighting
  8980 | D:8      | Found a glowing silver altar of Zin.
  9293 | D:9      | Reached XP level 10. HP: 84/109 MP: 15/15
  9598 | D:9      | Found a shadowy altar of Dithmenos.
  9848 | D:9      | Reached skill level 10 in Fighting
  9860 | D:9      | Reached **** piety under Okawaru
 10168 | D:9      | Found Ypucwin's Weapon Emporium.
 10210 | D:9      | Found Wesm's Gadget Gallery.
 10956 | D:10     | Entered Level 10 of the Dungeon
 10956 | D:10     | Found a burning altar of Makhleb.
 11235 | D:10     | Found a shimmering blue altar of Sif Muna.
 11319 | D:10     | Noticed Erolcha
 11327 | D:10     | Killed Erolcha
 11381 | D:10     | Noticed Urug
 11681 | D:10     | Killed Urug
 11682 | D:10     | Reached skill level 11 in Fighting
 11763 | D:10     | Reached XP level 11. HP: 90/120 MP: 17/17
 11848 | D:10     | Found a staircase to the Orcish Mines.
 12084 | D:10     | Noticed Joseph
 12093 | D:10     | Killed Joseph
 12406 | D:11     | Noticed Grum
 12406 | D:11     | Noticed a manticore
 12406 | D:11     | Noticed a deep elf pyromancer
 12417 | Orc:1    | Entered Level 1 of the Orcish Mines
 12429 | Orc:1    | Noticed an orc sorcerer
 12900 | Orc:1    | Killed an orc sorcerer
 13418 | Orc:1    | Reached ***** piety under Okawaru
 13627 | Orc:2    | Entered Level 2 of the Orcish Mines
 13627 | Orc:2    | Noticed a two-headed ogre
 13637 | Orc:1    | Reached skill level 12 in Fighting
 13730 | Orc:1    | Killed a two-headed ogre
 13909 | Orc:2    | Reached skill level 10 in Invocations
 14183 | Orc:2    | Received a gift from Okawaru
 14779 | Orc:2    | Noticed an orc knight
 14781 | Orc:2    | Reached skill level 10 in Maces & Flails
 14800 | Orc:2    | Killed an orc knight
 15120 | Orc:2    | Noticed an orc knight
 15121 | Orc:2    | Found Tyafea's Magic Scroll Emporium.
 15134 | Orc:2    | Killed an orc knight
 15144 | Orc:2    | Found Wamaukit's Magic Scroll Shoppe.
 15161 | Orc:2    | Reached XP level 12. HP: 47/133 MP: 18/20
 15374 | Orc:2    | Bought a scroll of brand weapon for 152 gold pieces
 15494 | Orc:2    | Reached skill level 10 in Throwing
 15512 | Orc:2    | HP: 5/133 [orc warrior/+0 trident (19)]
 15513 | Orc:2    | Reached skill level 13 in Fighting
 15519 | Orc:2    | HP: 1/136 [orc warrior/+0 trident (7)]
 16473 | Orc:2    | Paralysed by an orc sorcerer for 4 turns
 16915 | Orc:2    | Found a staircase to the Elven Halls.
 17040 | Orc:2    | Received a gift from Okawaru
 17322 | Orc:2    | Noticed Nessos
 17339 | Orc:2    | Killed Nessos
 17970 | Orc:2    | Noticed an orc high priest
 17972 | Orc:2    | Noticed an orc warlord
 17999 | Orc:2    | Noticed a two-headed ogre
 18291 | Orc:2    | Killed a two-headed ogre
 18320 | Orc:2    | Killed an orc warlord
 18321 | Orc:2    | Reached skill level 14 in Fighting
 18635 | Orc:2    | Noticed an orc high priest
 18645 | Orc:2    | Killed an orc high priest
 18649 | Orc:2    | Found Ceyzuigh's Book Boutique.
 18851 | Orc:2    | Noticed an orc high priest
 18856 | Orc:2    | Killed an orc high priest
 18856 | Orc:2    | Received a gift from Okawaru
 18857 | Orc:2    | Reached XP level 13. HP: 146/146 MP: 22/22
 18867 | Orc:2    | Found Janowneck's Book Emporium.
 19675 | D:11     | Found a basalt altar of Yredelemnul.
 19675 | D:11     | Noticed Snorg
 19914 | D:10     | Killed Grum
 19983 | D:11     | Received a gift from Okawaru
 19992 | D:11     | Noticed Maurice
 20001 | D:11     | Killed Maurice
 20290 | D:11     | Killed Snorg
 20318 | D:11     | Found a staircase to the Lair.
 20428 | D:11     | Reached skill level 15 in Fighting
 21005 | D:5      | Bought a runed plate armour for 468 gold pieces
 21210 | D:12     | Found an ancient bone altar of Kikubaaqudgha.
 21813 | Lair:1   | Entered Level 1 of the Lair of Beasts
 22736 | Lair:2   | Received a gift from Okawaru
 23539 | Lair:3   | Reached XP level 14. HP: 133/161 MP: 24/24
 23674 | Lair:3   | Reached skill level 16 in Fighting
 23866 | Lair:3   | Found a staircase to the Swamp.
 24029 | Lair:3   | Noticed Josephine
 24053 | Lair:3   | Killed Josephine
 24053 | Lair:3   | Received a gift from Okawaru
 24069 | Lair:3   | Noticed Rupert
 24273 | Lair:3   | Killed Rupert
 24712 | Lair:3   | Found a staircase to the Snake Pit.
 25045 | Lair:4   | Found a runed translucent door.
 25397 | Lair:4   | Found a dark tunnel.
 25434 | Volcano  | Entered a volcano
 25449 | Volcano  | Received a gift from Okawaru
 26664 | Lair:5   | Entered Level 5 of the Lair of Beasts
 26847 | Lair:5   | Reached skill level 15 in Invocations
 26870 | Lair:5   | Reached skill level 17 in Fighting
 26889 | Lair:5   | Found a gate leading to a gauntlet.
 26905 | Gauntlet | Entered a Gauntlet
 26905 | Gauntlet | Found a transporter.
 26980 | Gauntlet | Found a transporter.
 26982 | Gauntlet | Found a transporter.
 26982 | Gauntlet | Found a transporter.
 27000 | Gauntlet | Found a transporter.
 27010 | Gauntlet | Found a transporter.
 27028 | Gauntlet | Found a runed translucent door.
 27030 | Gauntlet | Found a transporter.
 27033 | Gauntlet | Found a runed translucent door.
 27034 | Gauntlet | Found a transporter.
 27055 | Gauntlet | Found a transporter.
 27072 | Gauntlet | Found a transporter.
 27076 | Gauntlet | Found a transporter.
 27085 | Gauntlet | Found a transporter.
 27135 | Gauntlet | Identified the ring "Zousm" {rElec rC+}
 27153 | Gauntlet | Reached XP level 15. HP: 124/174 MP: 26/26
 27327 | Gauntlet | Identified the +7 mace of Xeeg {elec, +Blink Str+3 Dex+3}
 27459 | Gauntlet | Got the Quarto of the Tesseract
 27541 | Lair:5   | Received a gift from Okawaru
 28713 | Lair:5   | Found a viscous altar of Jiyva.
 28713 | Lair:5   | Found a staircase to the Slime Pits.
 29132 | D:5      | Bought the +5 moon troll leather armour {Spirit, Regen++
                  | MP+5} for 1071 gold pieces
 29132 | D:5      | Found the +5 moon troll leather armour {Spirit, Regen++
                  | MP+5}
 29641 | D:13     | Received a gift from Okawaru
 29812 | D:13     | Reached skill level 18 in Fighting
 30121 | D:13     | Identified the +11 hand axe "Hydrabane" {flame, rElec}
 30236 | D:13     | Received a gift from Okawaru
 30640 | D:13     | Identified a scroll of acquirement
 30640 | D:13     | Acquired a +6 spectral giant spiked club
 30650 | D:13     | Found a gate to the Vaults.
 30863 | D:14     | Reached ****** piety under Okawaru
 30864 | D:14     | Reached XP level 16. HP: 128/188 MP: 19/28
 30926 | D:14     | Acquired a +2 eveningstar of flaming
 30926 | D:14     | Received a gift from Okawaru
 30927 | D:14     | Acquired a scarf of repulsion
 30927 | D:14     | Received a gift from Okawaru
 31119 | D:14     | Received a gift from Okawaru
 31237 | D:14     | You fall into a shaft and drop 1 floor!
 31237 | D:15     | Entered Level 15 of the Dungeon
 31265 | D:15     | Identified the ring of the Lost Chewing Towns {Fly rC+
                  | Dex+3}
 31486 | D:15     | Found a basalt altar of Yredelemnul.
 31531 | D:15     | Identified the ring "Cotsio" {rF+ Dex+2}
 31603 | D:15     | Reached skill level 15 in Maces & Flails
 31613 | D:15     | Received a gift from Okawaru
 31797 | D:15     | Reached skill level 19 in Fighting
 31814 | D:15     | Reached skill level 15 in Throwing
 31883 | D:15     | Found a blossoming altar of Fedhas.
 31928 | D:15     | Identified the ring "Unaci" {Str+4 Dex+6 Slay+3 SInv}
 31964 | D:15     | Received a gift from Okawaru
 32076 | D:15     | Found a staircase to the Depths.
 32105 | D:15     | Found a transporter.
 32158 | D:15     | Found a white marble altar of Elyvilon.
 32316 | D:15     | Received a gift from Okawaru
 32465 | D:15     | Found a transporter.
 33147 | Swamp:1  | Entered Level 1 of the Swamp
 33159 | Swamp:1  | Identified the ring of Myukh {Fire rPois MP+9 Str+6 Slay+3}
 33172 | Swamp:1  | Reached XP level 17. HP: 198/198 MP: 29/29
 33353 | Swamp:1  | Received a gift from Okawaru
 33633 | Swamp:1  | Found a hazy altar of Hepliaklqana.
 33984 | Swamp:2  | Reached skill level 20 in Fighting
 34030 | Swamp:2  | Noticed Sobieck's ghost (adept DECj)
 34035 | Swamp:2  | Found a runed translucent door.
 34324 | Swamp:2  | Received a gift from Okawaru
 35084 | Swamp:4  | Entered Level 4 of the Swamp
 35419 | Swamp:4  | Received a gift from Okawaru
 35563 | Swamp:4  | Reached skill level 21 in Fighting
 35584 | Swamp:4  | Received a gift from Okawaru
 35592 | Swamp:4  | Noticed the 27-headed Lernaean hydra
 35605 | Swamp:4  | Reached XP level 18. HP: 135/215 MP: 20/30
 35608 | Swamp:4  | Killed the 27-headed Lernaean hydra
 35660 | Swamp:4  | Got a decaying rune of Zot
 36485 | Snake:1  | Entered Level 1 of the Snake Pit
 36612 | Snake:1  | Identified the +1 robe of the Pit {rN+ Stlth+}
 36719 | Snake:1  | Found the +3 Mad Mage's Maulers {Infuse+∞ VampMP -Cast}
 36720 | Snake:1  | Found a radiant altar of Vehumet.
 36724 | Snake:1  | Found a transporter.
 36793 | Snake:1  | Found a transporter.
 36807 | Snake:1  | Identified the +0 ring mail of the Uplifting Gods {+Blink
                  | Fly Regen+}
 37183 | Snake:1  | Noticed Louise
 37190 | Snake:1  | Killed Louise
 37197 | Snake:1  | Received a gift from Okawaru
 37552 | Snake:2  | Reached skill level 22 in Fighting
 37864 | Snake:2  | Received a gift from Okawaru
 38447 | Snake:3  | HP: 9/221 [naga ritualist/+0 halberd (8)]
 38448 | Snake:3  | Reached XP level 19. HP: 10/228 MP: 3/31
 38960 | Snake:3  | Received a gift from Okawaru
 39162 | Snake:3  | Found a hazy altar of Hepliaklqana.
 39344 | Snake:3  | Reached XP level 20. HP: 239/239 MP: 32/32
 39345 | Snake:3  | Reached XP level 21. HP: 248/248 MP: 33/33
 39658 | Snake:4  | Entered Level 4 of the Snake Pit
 39706 | Snake:4  | Reached skill level 10 in Dodging
 39772 | Snake:4  | Found a runed translucent gate.
 39772 | Snake:4  | Found a runed translucent gate.
 39774 | Snake:4  | Found an opulent altar of Gozag.
 39775 | Snake:4  | Found a runed translucent gate.
 39782 | Snake:4  | Noticed Pokonic1's ghost (adept GrMo)
 39835 | Snake:4  | Reached skill level 23 in Fighting
 39854 | Snake:4  | HP: 6/249 [black mamba[a naga ritualist] (12)]
 40032 | Snake:4  | Noticed Donald
 40038 | Snake:4  | Killed Donald
 40038 | Snake:4  | Received a gift from Okawaru
 40889 | Snake:4  | Received a gift from Okawaru
 40942 | Snake:4  | Got a serpentine rune of Zot
 41113 | Snake:4  | Found Roudac's Assorted Antiques.
 41352 | Elf:1    | Entered Level 1 of the Elven Halls
 41412 | Elf:1    | Noticed Frances
 41419 | Elf:1    | Killed Frances
 41803 | Elf:1    | Identified the +4 flail of Jocular Honour {venom, Stlth+}
 41921 | Elf:1    | Paralysed by an air elemental for 1 turns
 42157 | Elf:2    | Received a gift from Okawaru
 42210 | Elf:2    | Found Biyn's Distillery.
 42298 | Elf:2    | Reached skill level 24 in Fighting
 42394 | Elf:2    | Got Jomif's Magic for Learners
 42400 | Elf:2    | Paralysed by an air elemental for 1 turns
 42464 | Elf:2    | Reached XP level 22. HP: 261/262 MP: 34/34
 42750 | Elf:2    | Found a runed translucent gate.
 42751 | Elf:2    | Found a runed translucent gate.
 42751 | Elf:2    | Found a runed translucent gate.
 43383 | Elf:2    | Received a gift from Okawaru
 43750 | Elf:3    | Entered Level 3 of the Elven Halls
 43867 | Elf:3    | Found Gykyr's Distillery.
 43996 | Elf:3    | Bought a potion of heal wounds for 100 gold pieces
 43996 | Elf:3    | Bought a potion of heal wounds for 100 gold pieces
 43996 | Elf:3    | Bought 2 potions of heal wounds for 200 gold pieces
 43996 | Elf:3    | Bought a potion of haste for 200 gold pieces
 44004 | Elf:3    | Bought a potion of ambrosia for 160 gold pieces
 44010 | Elf:3    | Found Defaxe's Weapon Shoppe.
 44017 | Elf:3    | Found Pataoven's Antique Armour Boutique.
 44039 | Elf:3    | Found Udiacatoko's Armour Shoppe.
 44088 | Elf:3    | Found Vuzo's Jewellery Boutique.
 44113 | Elf:3    | Found Ypaogus's Distillery.
 44376 | Elf:3    | Bought a potion of heal wounds for 90 gold pieces
 44376 | Elf:3    | Bought a potion of heal wounds for 90 gold pieces
 44376 | Elf:3    | Bought 2 potions of heal wounds for 180 gold pieces
 44376 | Elf:3    | Bought a potion of haste for 180 gold pieces
 44376 | Elf:3    | Bought a potion of haste for 180 gold pieces
 44376 | Elf:3    | Bought a potion of cancellation for 144 gold pieces
 44419 | Elf:2    | Bought a potion of heal wounds for 85 gold pieces
 44419 | Elf:2    | Bought a potion of ambrosia for 136 gold pieces
 44419 | Elf:2    | Bought a potion of ambrosia for 136 gold pieces
 44501 | Elf:3    | Received a gift from Okawaru
 44577 | Elf:3    | Found the necklace of Bloodlust {Fury *Rage Will++ Int-3
                  | Slay+6}
 44639 | Elf:3    | Received a gift from Okawaru
 44737 | Elf:3    | Got Teytee Gana's Last Chronicle of the Hierophant
 44739 | Elf:3    | Got the Guide on Hail and the Mortuary
 44741 | Elf:3    | Identified the +5 quarterstaff of Virtue {antimagic, rPois
                  | Str-4 Int+3 Dex+3}
 44877 | Elf:3    | Identified the staff of Disorder {rF+ Earth}
 44932 | Elf:3    | Identified the +0 flail of Ragnarok {venom, ^Fragile rElec
                  | rPois rN+}
 45257 | Vaults:1 | Entered Level 1 of the Vaults
 45278 | Vaults:1 | Identified the serpent talisman "Memoll" {rF++ rC- Stlth+}
 45278 | Vaults:1 | Noticed Aizul
 45284 | Vaults:1 | Killed Aizul
 45291 | Vaults:1 | Reached skill level 25 in Fighting
 45327 | Vaults:1 | Found Culah's Magic Scroll Boutique.
 45330 | Vaults:1 | Bought a scroll of fog for 84 gold pieces
 45330 | Vaults:1 | Bought a scroll of teleportation for 63 gold pieces
 45463 | Vaults:1 | Reached XP level 23. HP: 218/276 MP: 35/35
 45475 | Vaults:1 | Found a magical portal.
 45484 | WizLab   | Entered Lehudib's Moon Base
 45550 | WizLab   | Found a transporter.
 45609 | WizLab   | Received a gift from Okawaru
 45827 | WizLab   | Gained mutation: Your body sometimes deteriorates upon
                  | taking damage. [a neqoxec]
 46441 | WizLab   | Found a transporter.
 46570 | WizLab   | Received a gift from Okawaru
 46727 | WizLab   | Identified the +0 troll leather armour of the Mind {Harm
                  | Regen+ Str+2 Dex+4}
 46906 | WizLab   | Got the Annotations on the Whammy
 47827 | Vaults:1 | Reached skill level 26 in Fighting
 48096 | Vaults:1 | Identified the +1 orcbow of Zefanun {flame, ^Drain rN++
                  | Str+4}
 48171 | Vaults:1 | Received a gift from Okawaru
 49083 | Vaults:2 | Found a staircase to the Crypt.
 49481 | Vaults:3 | Received a gift from Okawaru
 49487 | Vaults:3 | Reached XP level 24. HP: 186/290 MP: 32/35
 50193 | Vaults:3 | Found a radiant altar of Vehumet.
 50625 | Vaults:3 | Found Pimmimak's Armour Shop.
 50737 | Vaults:4 | Received a gift from Okawaru
 51571 | Vaults:4 | Found Deyfuvvu's Antique Armour Boutique.
 52173 | Depths:1 | Entered Level 1 of the Depths
 52395 | Depths:1 | Received a gift from Okawaru
 52436 | Depths:1 | Got the Anthology of Altered Hexing
 52604 | Depths:1 | Found a blossoming altar of Fedhas.
 52871 | Depths:1 | Found a gateway to Hell.
 52900 | Depths:1 | Identified the ring of the Rescuing Genius {Fly Dex+2}
 52903 | Depths:1 | Identified the +5 scimitar of Heteqo {flame, Will+ Int+2}
 53154 | Crypt:1  | Entered Level 1 of the Crypt
 53543 | Crypt:1  | Identified the dragon-blood talisman of Gallantry {Dex+5}
 53543 | Crypt:1  | Noticed Bai Suzhen
 53553 | Crypt:1  | Killed Bai Suzhen
 53697 | Crypt:1  | Found a glowing golden altar of the Shining One.
 53707 | Crypt:1  | Found a burning altar of Makhleb.
 54057 | Crypt:2  | Found a transporter.
 54062 | Crypt:2  | Noticed jestert79's ghost (veteran MfGl)
 54302 | Crypt:2  | Noticed Khufu
 54303 | Crypt:2  | Noticed a royal mummy
 54307 | Crypt:2  | Noticed a royal mummy
 54312 | Crypt:2  | Killed a royal mummy
 54318 | Crypt:2  | Killed Khufu
 54691 | Crypt:2  | Reached XP level 25. HP: 300/300 MP: 35/35
 54817 | Crypt:2  | Received a gift from Okawaru
 54884 | Crypt:2  | Found a transporter.
 55014 | Crypt:3  | Entered Level 3 of the Crypt
 56067 | Crypt:3  | Found a runed translucent gate.
 56067 | Crypt:3  | Found a runed translucent gate.
 56067 | Crypt:3  | Found a runed translucent gate.
 56068 | Crypt:3  | Noticed Raxkuugy's ghost (master TeHu)
 56068 | Crypt:3  | Noticed Micliseo's ghost (adept GrFi)
 56068 | Crypt:3  | Noticed an ancient lich
 56069 | Crypt:3  | Found an ancient bone altar of Kikubaaqudgha.
 56069 | Crypt:3  | Noticed an ancient lich
 56141 | Crypt:3  | Noticed a dread lich
 56141 | Crypt:3  | Noticed an ancient lich
 56213 | Crypt:3  | Killed an ancient lich
 56213 | Crypt:3  | Received a gift from Okawaru
 56217 | Crypt:3  | Killed a dread lich
 56268 | Crypt:3  | Noticed an ancient lich
 56282 | Crypt:3  | Killed an ancient lich
 56312 | Crypt:3  | Identified the +5 great sword of Moral Flaws {distort,
                  | Int+2}
 56373 | Crypt:3  | Found a staircase to the Tomb.
 56648 | Crypt:2  | Killed a royal mummy
 57279 | Depths:2 | Received a gift from Okawaru
 57391 | Arena    | Entered the Arena
 57558 | Depths:2 | Noticed a royal mummy
 57561 | Depths:2 | Killed a royal mummy
 57729 | Depths:2 | Found a one-way gateway to a ziggurat.
 58211 | Depths:2 | Found a one-way gate leading to the halls of Pandemonium.
 58390 | Depths:2 | Found Badurphoaq's Magic Scroll Shoppe.
 58398 | Depths:2 | Bought a scroll of teleportation for 69 gold pieces
 58552 | Depths:2 | Received a gift from Okawaru
 58727 | Depths:3 | Reached XP level 26. HP: 310/310 MP: 35/35
 58797 | Depths:3 | Noticed Margery
 58969 | Depths:3 | Killed Margery
 58990 | Depths:3 | HP: 12/310 [searing wretch[Margery] (20)]
 58990 | Depths:3 | Mangled by a searing wretch

Illustrated notes

Levels and vault maps discovered:
D:1:      lightli_arrival_isolated_outpost, layout_loops_corners,
          kennysheep_another_room, hangedman_decor_diamond_cutter
D:2:      layout_basic, nicolae_nh_oracle_at_delphi, uniq_sigmund
D:3:      layout_loops_ring, general_overflow_altar,
          ebering_ecumenical_altar_mist
D:4:      layout_gridville, lemuel_temple_firewalk_b, gammafunk_ghost_mausoleum
D:5:      layout_loops_cross, nicolae_gozag_cash_rules_everything_around_me,
          gammafunk_ghost_cemetery, serial_shops,
          nicolae_shop_tiny_real_fake_doors, minmay_misc_feat_columns
D:6:      layout_loops_cross, nzn_wu_jian_council_hall, gup_sewer_entry_bubbles
D:7:      layout_basic, mainiacjoe_overflow_24_doors,
          mainiacjoe_overflow_six_doors_small, enter_bailey_5
D:8:      layout_layer_cave, nicolae_overflow_hidden_temple, grunt_decor_cap
D:9:      layout_stronghold, nicolae_dithmenos_the_darkroom, serial_shops,
          nicolae_diamond_shop, nicolae_shop_gadgets
D:10:     layout_cave_pools, mainiacjoe_overflow_catwalk_spiral, orc_0_dummy,
          uniq_urug, uniq_joseph, uniq_erolcha
D:11:     layout_basic, minmay_lair_entry_grove, serial_shops, bzr_entry_dummy,
          fungi_pond_lemuel, yredelemnul_altar_generic, uniq_maurice, uniq_grum,
          uniq_snorg
D:12:     layout_cave_pools, kiku_gazebo_pond_becter
D:13:     layout_cave_pools, erik_vaults_2, minmay_rotating_lava
D:14:     layout_stronghold
D:15:     hangedman_spin_cycle
Temple:   hc_temple_tempest_star
Lair:1:   layout_gridlike, grunt_megastairs_5
Lair:2:   layout_regular_city
Lair:3:   layout_long_grid, skrybe_swamp_entry_bodies,
          nicolae_snake_entry_squirm, uniq_josephine, uniq_rupert
Lair:4:   gammafunk_mikee_crab_dinner, layout_gridlike,
          lightli_volcano_entry_magma_tube, serial_bayou_shore_b,
          grunt_megastairs_2
Lair:5:   evilmike_catoblepas_cave, layout_regular_city,
          dpeg_slime_entry_enclosed, gauntlet_entry_generic,
          serial_bayou_shore_b
Swamp:1:  nicolae_swamp_secret_spriggan_hideout, layout_falls_marsh,
          nicolae_swamp_godswood, nicolae_swamp_decorative_isthmus
Swamp:2:  layout_basic_swamp, hellmonk_ghost_happy_afterlife,
          evilmike_swamp_ruin_house_1, ldierk_geyser,
          infiniplex_staircase_pool_2
Swamp:3:  layout_basic_swamp, evilmike_swamp_ruin_house_4,
          infiniplex_staircase_pool, nicolae_swamp_tree_isthmus
Swamp:4:  swamp_old_school, layout_basic_swamp, swamp_pool_1_2,
          beargit_elvish_explorers
Snake:1:  gammafunk_sealed_library, layout_grid_shapes, lemuel_fruit_tree,
          uniq_azrael, uniq_louise
Snake:2:  layout_rooms
Snake:3:  layout_layer_cave, basic_altar, serial_bayou_shore_a
Snake:4:  grunt_snake_rune_serpentine_throne, layout_misc_corridors,
          ebering_ghost_gozag, nicolae_snake_single_loop,
          nicolae_snake_yet_another_twisty_hallway, minmay_snake_pond,
          uniq_donald
Orc:1:    layout_diamond_mine
Orc:2:    pubby_orc_utopia, serial_shops, uniq_nessos
Elf:1:    layout_geoelf_grid, nicolae_elf_blasts_and_bolts, uniq_frances
Elf:2:    nicolae_elf_blades_crystal_corner, layout_loops_corners, serial_shops,
          nicolae_take_the_stairs, dreamdust_princess_corridor,
          amcnicky_mini_rare_corridor_liquid, grunt_ministairs_11
Elf:3:    elf_hall, layout_rooms, serial_shops, shop, shop, shop, shop,
          minmay_shop_star
Vaults:1: mu_enter_wizlab_3, nicolae_vaults_layer_cake_slice,
          vaults_mumra_minichess_inversion, nicolae_vaults_off_center_swirl,
          nicolae_vaults_alarming, nicolae_vaults_tetromino_Z_1, v_misc_33,
          nicolae_vaults_arrows, v_misc_18, vaults_room_door_hall,
          grunt_vaults_focal, grunt_vaults_bifocal, layout_vaults_omnibox,
          serial_shops, nicolae_shop_tiny_real_fake_doors, uniq_aizul
Vaults:2: v_misc_10, nicolae_vaults_six-pack, vaults_room_boxed,
          hangedman_vaults_stream, ontoclasm_vaults_gateway,
          nicolae_vaults_closet_pinwheel_1, minmay_crypt_entry_simple_walls,
          nicolae_vaults_double_plus_1, ontoclasm_vaults_pinch,
          nicolae_vaults_tetromino_T_2, nicolae_vaults_storage_room_doors,
          layout_vaults_omnicross
Vaults:3: ontoclasm_vaults_fault, grunt_tower_of_power, nicolae_vaults_house_2,
          vaults_dpeg_ring, nicolae_vaults_door_testing_chamber,
          nicolae_vaults_storage_room_water, nicolae_vaults_what_the_h,
          nicolae_vaults_little_squares_6, hangedman_vaults_cutoff,
          nicolae_vaults_six-pack, hangedman_vaults_stretched_pinwheel,
          layout_vaults_big_room, serial_shops,
          nicolae_shop_pleasant_corner_grove
Vaults:4: grunt_vaults_funnel, nicolae_vaults_house_1, vaults_room_large_hall,
          nicolae_vaults_closet_pinwheel_1, nicolae_vaults_weapon_check,
          vaults_room_fours, vaults_mumra_hex, vaults_room_hallway,
          layout_vaults_omnigrid, serial_shops, nicolae_shop_trees
Crypt:1:  layout_misc_corridors, nzn_life_drinkers, uniq_bai_suzhen
Crypt:2:  layout_regular_city, nzn_ghost_randoct, uniq_khufu
Crypt:3:  david_glass_crypt, layout_misc_corridors, tomb_entry_shell_bobbens,
          gammafunk_ghost_crypt
Depths:1: layout_gridville, lightli_too_deep, fedhas_altar_3,
          minmay_misc_feat_rows, st_stairs_8, serial_library_hellmonk_metal_room
Depths:2: lemuel_minitomb, layout_honeycomb, enter_ziggurat_b, hell_entry,
          serial_shops, shop, grunt_pan_entry_in_and_out,
          infiniplex_staircase_pillars_1
Depths:3: evilmike_diamond_2, layout_basic, abyss_entry,
          grunt_hell_entry_dis_mu, grunt_decor_arrowhead,
          makhleb_altar_promises_db, serial_bayou_shore_b, uniq_margery

Skill      XL: |  1  2  3  4  5  6  7  8  9 10 11 12 13 14 15 16 17 18 19 20 21 22 23 24 25 |
---------------+----------------------------------------------------------------------------+-----
Fighting       | 3 4 5 6 8 9 11 12 14 15 17 18 19 21 22 24 25 26 | 26.3
Dodging        | 3 7 9 11 12 13 | 13.4
Maces & Flails | 4 5 6 7 8 10 11 12 13 14 15 16 18 19 20 21 22 24 | 24.5
Throwing       | 3 4 6 7 8 9 11 12 13 14 15 16 17 18 19 20 21 22 24 | 24.4
Invocations    | 1 3 5 7 9 10 12 13 15 16 17 | 17.5

Action                     |  1- 3 |  4- 6 |  7- 9 | 10-12 | 13-15 | 16-18 | 19-21 | 22-24 | 25-27 || total
---------------------------+-------+-------+-------+-------+-------+-------+-------+-------+-------++-------
  Melee: Flail             |    65 |    82 |       |       |       |       |       |       |       ||   147
         Headbutt          |     7 |    12 |    66 |   179 |   417 |   136 |    43 |   241 |   128 ||  1229
         Punch             |       |     1 |     2 |    13 |    36 |       |       |       |       ||    52
         Whip              |       |    56 |   312 |   714 |  1231 |       |       |       |       ||  2313
         Giant spiked club |       |       |       |       |    19 |   533 |   181 |   780 |   418 ||  1931
         Unarmed           |       |       |       |       |       |     3 |       |    21 |       ||    24
  Throw: Boomerang         |       |       |     6 |    31 |    84 |   149 |    97 |   101 |       ||   468
         Throwing net      |       |       |       |     5 |       |       |       |       |       ||     5
         Large rock        |       |       |       |       |    42 |       |       |     6 |    37 ||    85
         Dart              |       |       |       |       |     3 |       |       |       |       ||     3
         Javelin           |       |       |       |       |       |    11 |    18 |    15 |       ||    44
 Invoke: Heroism           |       |       |     1 |     9 |    12 |     3 |       |     5 |     2 ||    32
         Finesse           |       |       |       |     1 |     7 |     2 |     1 |     3 |       ||    14
         Receive Weapon    |       |       |       |       |       |     1 |       |       |       ||     1
         Receive Armour    |       |       |       |       |       |     1 |       |       |       ||     1
         Duel              |       |       |       |       |       |       |       |       |     1 ||     1
  Evoke: Wand              |       |       |       |     2 |     5 |       |       |     3 |     2 ||    12
    Use: Scroll            |       |     3 |     2 |     2 |    23 |     6 |     3 |     8 |     3 ||    50
         Potion            |       |       |       |     3 |     4 |     6 |     7 |     2 |     2 ||    24
   Stab: Sleeping          |       |       |     3 |       |     1 |     6 |     1 |     1 |       ||    12
         Held in net/web   |       |       |       |     7 |       |       |       |       |       ||     7
         Paralysed         |       |       |       |     4 |     3 |       |       |       |       ||     7
         Petrified         |       |       |       |       |     8 |       |       |       |       ||     8
         Petrifying        |       |       |       |       |     2 |       |       |       |       ||     2
         Distracted        |       |       |       |       |       |     5 |     1 |    17 |     7 ||    30
         Confused          |       |       |       |       |       |       |       |     3 |       ||     3
 Armour: Robe              |    52 |    76 |   220 |   490 |   576 |       |       |       |       ||  1414
         Troll leather arm |       |       |       |       |   125 |   589 |   217 |   712 |   410 ||  2053
         Skin              |       |       |       |       |       |     2 |       |     5 |       ||     7
  Dodge: Dodged            |    39 |    78 |   162 |   262 |   375 |   287 |   118 |   391 |   204 ||  1916
         Repelled          |       |       |       |       |       |    23 |    20 |     5 |       ||    48

Table legend: (Time is in decaauts)
 A = Elapsed time spent in this place.
 B = Non-inter-level travel time spent in this place.
 C = Inter-level travel time spent in this place.
 D = Time resting spent in this place.
 E = Time spent auto-exploring this place.
 F = Levels seen in this place.
 G = Mean time per level.
                   A        B        C        D        E       F      G
               +--------+--------+--------+--------+--------+-----+--------+
         Total |  57541 |  53699 |   3842 |  12968 |  29655 |  50 | 1150.8 |
       Dungeon |  18125 |  16209 |   1916 |   4014 |   9387 |  15 | 1208.3 |
        Temple |     20 |      1 |     19 |      0 |      0 |   1 |   20.0 |
          Lair |   5787 |   5363 |    424 |    902 |   3304 |   5 | 1157.4 |
         Swamp |   3194 |   3022 |    172 |    235 |   2204 |   4 |  798.5 |
     Snake Pit |   4638 |   4505 |    133 |    814 |   2846 |   4 | 1159.5 |
  Orcish Mines |   6440 |   6208 |    232 |   3729 |   1481 |   2 | 3220.0 |
   Elven Halls |   3681 |   3517 |    164 |    417 |   1860 |   3 | 1227.0 |
        Vaults |   5577 |   5109 |    468 |    357 |   3901 |   4 | 1394.2 |
         Crypt |   3513 |   3328 |    185 |    635 |   1954 |   3 | 1171.0 |
        Depths |   2669 |   2545 |    124 |    511 |   1493 |   3 |  889.7 |
         Sewer |    567 |    567 |      0 |      0 |    379 |   1 |  567.0 |
        Bailey |    761 |    761 |      0 |    473 |     31 |   1 |  761.0 |
       Volcano |    558 |    558 |      0 |    246 |    140 |   1 |  558.0 |
        Wizlab |   1457 |   1457 |      0 |    344 |    675 |   1 | 1457.0 |
      Gauntlet |    530 |    530 |      0 |    272 |      0 |   1 |  530.0 |
         Arena |     17 |     17 |      0 |     16 |      0 |   1 |   17.0 |
               +--------+--------+--------+--------+--------+-----+--------+

Top non-repeatable levels by time:
   Orc:2: 4192 daAuts
     D:9: 2387 daAuts
   Orc:1: 2248 daAuts
    D:10: 2099 daAuts
   Elf:2: 1734 daAuts
Depths:2: 1669 daAuts
Vaults:1: 1640 daAuts
     D:7: 1625 daAuts
 Crypt:3: 1476 daAuts
 Snake:3: 1464 daAuts
  WizLab: 1457 daAuts
    D:15: 1416 daAuts
  Lair:5: 1396 daAuts
    D:13: 1380 daAuts
Vaults:2: 1358 daAuts
